 Dungeon Crawl Stone Soup version 0.24.0-41-g2ae2f7f1be (webtiles) character file.

Game seed: 5571240682576311556, levelgen mode: deterministic

275 ANON1729 the Ducker (level 6, -2/47 HPs)
             Began as a Demonspawn Gladiator on Dec 13, 2019.
             Slain by an ogre
             ... wielding a +0 giant spiked club
              (26 damage)
             ... on level 2 of the Dungeon.
             The game lasted 00:02:03 (2744 turns).

ANON1729 the Ducker (Demonspawn Gladiator)          Turns: 2744, Time: 00:02:04

Health: -2/47      AC:  5    Str: 15    XL:     6   Next: 3%
Magic:  6/6        EV: 19    Int: 11    God:
Gold:   77         SH:  0    Dex: 19    Spells: 5/5 levels left

rFire    . . .     SeeInvis .   a - +0 quarterstaff
rCold    . . .     Gourm    .   (shield currently unavailable)
rNeg     . . .     Faith    .   b - +0 leather armour
rPois    .         Spirit   .   i - +1 hat
rElec    .         Reflect  .   (no cloak)
rCorr    .         Harm     .   (no gloves)
MR       .....                  n - +0 pair of boots
Stlth    ++........             (no amulet)
HPRegen  0.15/turn              (no ring)
MPRegen  0.10/turn              (no ring)

@: agile
A: hooves 2, powered by pain 1, rot immunity
a: no special abilities


You were on level 2 of the Dungeon.
You were hungry.

You visited 1 branch of the dungeon, and saw 2 of its levels.

You collected 77 gold pieces.

Inventory:

Hand Weapons
 a - a +0 quarterstaff (weapon)
 l - a +0 dagger of holy wrath
 r - a +4 dagger
Missiles
 d - 3 throwing nets (quivered)
Armour
 b - a +0 leather armour (worn)
 c - a +0 helmet
 i - a +1 hat (worn)
 n - a +0 pair of boots (worn)
Jewellery
 h - a cursed -2 ring of slaying {unknown}
Scrolls
 j - 2 scrolls of teleportation {unknown}
 k - 2 scrolls of fear {unknown}
 m - 2 scrolls of identify {unknown}
Potions
 e - a potion of mutation {unknown}
 g - a potion of lignification {unknown}
 o - 2 potions of heal wounds {unknown}
 p - a potion of brilliance {unknown}
 q - a potion of magic {unknown}
 s - a potion of degeneration {unknown}
 u - 2 potions of curing
Comestibles
 f - 4 rations


   Skills:
 + Level 3.5 Fighting
 + Level 3.8 Staves
 + Level 3.2 Throwing
 + Level 3.9 Dodging


You had 5 spell levels left.
You didn't know any spells.
Your spell library was empty.

Dungeon Overview and Level Annotations

Branches:
Dungeon (2/15)

Altars:
Ashenzari


Innate Abilities, Weirdness & Mutations

You have hoof-like feet.
You sometimes gain a little power by taking damage.
You are immune to rotting.


Message History

u - 2 potions of curing (gained 1)
You see here a water moccasin skeleton.
o - 2 metallic grey potions (gained 1)
Found a stone staircase leading down.
There is a stone staircase leading down here.
An ogre comes into view. It is wielding a +0 giant spiked club.
An ogre is nearby!
An ogre is nearby!
An ogre is nearby!
The ogre barely misses you.
You closely miss the ogre.
The ogre hits you with a +0 giant spiked club!!
You focus on the pain.
You feel agile all of a sudden.
You barely miss the ogre. The ogre barely misses you.
You sock the ogre!
The ogre is moderately wounded.
The ogre hits you with a +0 giant spiked club!!
Ouch! That really hurt!
You die...

..†....#########.#..(.[....#
.#####...........#.........#
.# #..###########.......##
.# #..# ##.....## .#
#..######### #†÷..##
.#####..........# #.#.##
.......########.# #.#.#
##.##### #.####.#.# #.#
#.@O...#.# #.# ########.#
#.###################.#
#......†..............#
#######################


You could see an ogre.

Vanquished Creatures
  A water moccasin (D:2)
  Natasha (thrice) (D:2)
  5 adders (D:2)
  A worm (D:2)
  5 dart slugs
  A giant cockroach (D:1)
  7 goblins (D:2)
  4 hobgoblins
  5 kobolds
  2 ball pythons (D:2)
  4 bats
  3 frilled lizards
  A quokka skeleton (D:2)
  4 rats
46 creatures vanquished.

Notes
Turn   | Place    | Note
-------+----------+-------------------------------------------
     0 | D:1      | ANON1729 the Demonspawn Gladiator began the quest for the
                  | Orb.
     0 | D:1      | Reached XP level 1. HP: 16/16 MP: 1/1
   183 | D:1      | Gained mutation: You sometimes gain a little power by
                  | taking damage. [demonic ancestry]
   183 | D:1      | Reached XP level 2. HP: 22/22 MP: 2/2
   909 | D:2      | Gained mutation: You have large cloven feet. [demonic
                  | ancestry]
   909 | D:2      | Reached XP level 3. HP: 21/28 MP: 3/3
  1485 | D:2      | Noticed Natasha
  1500 | D:2      | Gained mutation: You are immune to rotting. [demonic
                  | ancestry]
  1500 | D:2      | Reached XP level 4. HP: 18/34 MP: 4/4
  1509 | D:2      | Killed Natasha
  1931 | D:2      | Found a shattered altar of Ashenzari.
  1989 | D:2      | Noticed Natasha
  2000 | D:2      | Killed Natasha
  2233 | D:2      | Noticed Natasha
  2242 | D:2      | Killed Natasha
  2242 | D:2      | Gained mutation: You have hoof-like feet. [demonic
                  | ancestry]
  2242 | D:2      | Reached XP level 5. HP: 28/41 MP: 5/5
  2407 | D:2      | Noticed a water moccasin
  2419 | D:2      | Killed a water moccasin
  2419 | D:2      | Reached XP level 6. HP: 20/47 MP: 6/6
  2744 | D:2      | Slain by an ogre

Levels and vault maps discovered:
D:1:      lemuel_arrival_lava_pool, layout_basic
D:2:      layout_loops_ring, ashenzari_conservatory_becter, first_ration,
          uniq_natasha

Skill      XL: |  1  2  3  4  5 |
---------------+----------------+-----
Throwing       | 2 3 |  3.2
Staves         | 3 |  3.8
Dodging        | 3 |  3.9
Fighting       | 3 |  3.5

Action                   |  1- 3 |  4- 6 || total
-------------------------+-------+-------++-------
Melee: Quarterstaff      |    90 |    86 ||   176
       Kick              |     1 |       ||     1
  Use: Potion            |     1 |       ||     1
  Eat: Chunk             |     2 |     3 ||     5
Armor: Leather armour    |    21 |    15 ||    36
Dodge: Dodged            |    57 |    60 ||   117
